 Dungeon Sprint DCSS version 0.19.0-9-gfd783f2 (webtiles) character file.

1369 equalderp2856 the Ripper (level 8, -3/40 HPs)
             Began as a Felid Fighter on Nov 7, 2016.
             Slain by Duvessa
             ... wielding a +0 great sword of freezing
              (15 damage)
             ... in the Dungeon (Sprint III: "The Ten Rune Challenge").
             The game lasted 00:08:28 (1280 turns).

equalderp2856 the Ripper (Felid Fighter)            Turns: 1280, Time: 00:08:29

Health: -3/40      AC:  2    Str: 15    XL:     8   Next: 38%
Magic:  9/9        EV: 29    Int:  9    God:
Gold:   71         SH:  0    Dex: 16    Spells: 0 memorised, 7 levels left
                                        Lives:  0   Deaths: 2

rFire  . . .     SeeInvis +       - Unarmed
rCold  . . .     Gourm    .     (armour unavailable)
rNeg   . . .     Faith    .     (shield unavailable)
rPois  .         Spirit   .     (helmet unavailable)
rElec  .         Reflect  .     (cloak unavailable)
rCorr  .         Harm     .     (gloves unavailable)
MR     +....     NoTele   +     (boots unavailable)
Stlth  ++........               (no amulet)
                                (no ring)
                                (no ring)

@: glowing, quick
A: no armour, no weapons or thrown items, stealth, claws 1, fangs 3, see
invisible, carnivore 3, speed 1, shaggy fur 2, slow metabolism 1, sharp paws
a: no special abilities


You were in the Dungeon.
You were not hungry.

You visited 1 branch You collected 71 gold pieces.

Inventory:

Scrolls
 h - a scroll of blinking
 j - a scroll of immolation {unknown}
 k - 4 scrolls of identify
 l - a scroll of remove curse {unknown}
 p - a scroll of torment {unknown}
 q - a scroll of enchant weapon {unknown}
Potions
 a - a potion of might
 c - a potion of curing
 d - a potion of heal wounds
 e - a potion of haste
 f - 2 potions of magic
 g - 2 potions of berserk rage
 i - 2 potions of mutation {unknown}
 n - 3 potions of cure mutation {unknown}
 o - 3 potions of flight
Books
 r - a book of Minor Magic

   Spells                             Type                      Level
   a - Magic Dart                     Conjuration                  1
   b - Blink                          Translocation                2
   c - Call Imp                       Summoning                    2
   d - Repel Missiles                 Charms/Air                   2
   e - Slow                           Hexes                        2
   f - Conjure Flame                  Conjuration/Fire             3
   g - Mephitic Cloud                 Conjuration/Poison/Air       3
Comestibles
 b - a meat ration
 m - 3 royal jellies


   Skills:
 + Level 7.5 Fighting
 + Level 13.0 Dodging
 + Level 8.0 Stealth
 + Level 16.8 Unarmed Combat


You had 7 spell levels left.
You didn't know any spells.

Dungeon Overview and Level Annotations

Branches:
Dungeon (1/1)

Altars:
Cheibriados
Dithmenos
Elyvilon
Fedhas
Gozag
Hepliaklqana
Kikubaaqudgha
Makhleb
Nemelex Xobeh
Okawaru
Qazlal
Ru
Sif Muna
Trog
Uskayaw
Vehumet
Xom
Yredelemnul
Zin
The Shining One
Beogh
Jiyva
Lugonu

Annotations:
D Dowan, Duvessa


Innate Abilities, Weirdness & Mutations

You cannot wear armour.
You are incapable of wielding weapons or throwing items.
Your paws allow you to move quietly. (Stealth)
You have sharp claws.
You have razor-sharp teeth.
You have supernaturally acute eyesight. (SInv)
You are carnivorous and can eat meat at any time.
You cover ground quickly.
You are covered in thick fur. (AC +2)
You have a slow metabolism.
Your sharp claws are effective at attacking unaware monsters.


Message History

You mangle Duvessa!! Your claw misses Duvessa.
Duvessa is heavily wounded.
You claw Duvessa!
Duvessa is severely wounded.
Duvessa hits you with an uncursed great sword of freezing!!
Duvessa freezes you.
You scratch Duvessa.
Duvessa is severely wounded.
You claw Duvessa!
Duvessa is severely wounded.
Duvessa hits you with an uncursed great sword of freezing.
Duvessa freezes you.
* * * LOW HITPOINT WARNING * * *
You claw Duvessa!
Duvessa is severely wounded.
Dowan blinks!
You claw Duvessa!
Duvessa is severely wounded.
Duvessa hits you with an uncursed great sword of freezing!
You die...

#....#.#.#)))..#^.....+
##.#.)#)##.###.#..e...#
'##.#.#.##.#..##...(..#
#...#..#..##..†..((.(.#
▓▓▓▓▓▓▓▓▓▓▓▓▓▓#.......#
...f≈≈≈...#^......#
≈≈≈≈≈≈♣♣P.+..((...#
♣♣♣♣♣ ♣PP#.e†§...#
♣♣♣##@########
#...'§§≈≈≈# #...#§§§≈§#
#...#.#≈≈≈#
#####.#c≈≈§#


#oPPP.# #≈§§≈ #.oPPP# c≈§§ #..oPP# #§≈ #...oP# c≈ You could see Duvessa and
Dowan.

Vanquished Creatures
  Erolcha (D)
  A deep elf mage (D)
  2 redbacks (D)
  A shadow (D)
  A spatial vortex (D)
  2 hill giants (D)
  A necrophage (D)
  3 two-headed ogres (D)
  A water elemental (D)
  A scorpion (D)
  A jelly (D)
  Jessica (D)
  A necromancer (D)
  A wizard (D)
  3 humans (D)
  A kobold demonologist (D)
  An ooze (D)
  2 rats (D)
25 creatures vanquished.

Vanquished Creatures (others)
  2 draconian scorchers (D)
  2 yaktaurs (D)
  6 hellions (D)
  A plant (D)
11 creatures vanquished.

Grand Total: 36 creatures vanquished

Notes
Turn   | Place    | Note
-------+----------+-------------------------------------------
     0 | D        | equalderp2856 the Felid Fighter began the quest for the Orb.
     0 | D        | Reached XP level 1. HP: 10/10 MP: 2/2
    30 | D        | Killed a yaktaur
    31 | D        | Noticed Jessica
    42 | D        | Killed Jessica
    42 | D        | Reached skill level 5 in Dodging
    42 | D        | Reached skill level 6 in Unarmed Combat
    42 | D        | Reached XP level 2. HP: 10/15 MP: 3/3
    42 | D        | Reached XP level 3. HP: 12/18 MP: 4/4
    79 | D        | Killed a hellion
    80 | D        | Killed a hellion
    81 | D        | Killed a hellion
   127 | D        | Noticed a scorpion
   146 | D        | Killed a yaktaur
   148 | D        | Killed a hellion
   171 | D        | Killed a scorpion
   171 | D        | Reached skill level 8 in Unarmed Combat
   171 | D        | Reached XP level 4. HP: 10/22 MP: 5/5
   203 | D        | Killed a hellion
   234 | D        | Killed a hellion
   249 | D        | Killed a white draconian scorcher
   329 | D        | Killed a white draconian scorcher
   387 | D        | Noticed a water elemental
   398 | D        | Demolished by a water elemental
   399 | D        | Reached XP level 3. HP: -15/18 MP: 4/4
   404 | D        | Killed a water elemental
   404 | D        | Reached skill level 5 in Fighting
   404 | D        | Reached skill level 1 in Stealth
   404 | D        | Reached skill level 9 in Unarmed Combat
   404 | D        | Reached XP level 4. HP: 23/23 MP: 5/5
   416 | D        | Found a radiant altar of Vehumet.
   416 | D        | Found a deep blue altar of Sif Muna.
   416 | D        | Found an ancient bone altar of Kikubaaqudgha.
   416 | D        | Noticed a wizard
   419 | D        | Killed a wizard
   421 | D        | Reached skill level 10 in Unarmed Combat
   421 | D        | Reached XP level 5. HP: 26/26 MP: 6/6
   449 | D        | Found a glowing silver altar of Zin.
   449 | D        | Found a glowing golden altar of the Shining One.
   449 | D        | Found a white marble altar of Elyvilon.
   450 | D        | Noticed a deep elf mage
   462 | D        | Killed a deep elf mage
   462 | D        | Reached skill level 10 in Dodging
   462 | D        | Reached skill level 12 in Unarmed Combat
   462 | D        | Gained mutation: You are covered in thick fur. (AC +2) [Felid growth]
   462 | D        | Reached XP level 6. HP: 8/31 MP: 7/7
   462 | D        | Reached XP level 7. HP: 9/35 MP: 8/8
   706 | D        | Found a hide-covered altar of Uskayaw.
   706 | D        | Found a roughly hewn altar of Beogh.
   706 | D        | Found an iron altar of Okawaru.
   706 | D        | Found a bloodstained altar of Trog.
   706 | D        | Noticed a human
   707 | D        | Noticed a human
   715 | D        | Killed a human
   715 | D        | Reached skill level 13 in Unarmed Combat
   720 | D        | Killed a human
   734 | D        | Found a basalt altar of Yredelemnul.
   734 | D        | Found a shadowy altar of Dithmenos.
   734 | D        | Found a sacrificial altar of Ru.
   739 | D        | Noticed a shadow
   847 | D        | Killed a shadow
   847 | D        | Reached skill level 14 in Unarmed Combat
   847 | D        | Reached XP level 8. HP: 33/40 MP: 9/9
   856 | D        | Found a blossoming altar of Fedhas.
   856 | D        | Found a stormy altar of Qazlal.
   856 | D        | Found a snail-covered altar of Cheibriados.
   856 | D        | Found a burning altar of Makhleb.
   856 | D        | Found a shimmering altar of Xom.
   857 | D        | Found a hazy altar of Hepliaklqana.
   857 | D        | Found an opulent altar of Gozag.
   857 | D        | Found a sparkling altar of Nemelex Xobeh.
   857 | D        | Found a corrupted altar of Lugonu.
   857 | D        | Found a viscous altar of Jiyva.
   897 | D        | Reached skill level 5 in Stealth
   973 | D        | Reached skill level 15 in Unarmed Combat
   978 | D        | Noticed Erolcha
   994 | D        | Killed Erolcha
   994 | D        | Reached skill level 16 in Unarmed Combat
   994 | D        | Reached XP level 9. HP: 19/43 MP: 10/10
  1240 | D        | Noticed a wandering mushroom
  1253 | D        | Noticed Dowan
  1253 | D        | Noticed Duvessa
  1261 | D        | Killed from afar by Dowan
  1262 | D        | Reached XP level 8. HP: -5/40 MP: 9/9
  1262 | D        | Noticed an orc high priest
  1262 | D        | Noticed an orc high priest
  1262 | D        | Noticed an orc high priest
  1265 | D        | Noticed a yaktaur captain
  1265 | D        | Noticed a yaktaur
  1266 | D        | Noticed a yaktaur captain
  1280 | D        | Slain by Duvessa

Skill      XL: |  1  2  3  4  5  6  7  8  9 |
---------------+----------------------------+-----
Fighting       | 4 5 6 7 |  7.5
Dodging        | 5 7 8 10 11 12 13 | 13.0
Unarmed Combat | 6 9 10 12 14 16 | 16.8
Stealth        | 1 3 4 7 8 |  8.0

Action                   |  1- 3 |  4- 6 |  7- 9 || total
-------------------------+-------+-------+-------++-------
Melee: Unarmed           |    49 |    18 |    75 ||   142
       Bite              |     5 |     2 |     8 ||    15
       Punch             |     1 |       |     6 ||     7
 Stab: Sleeping          |       |       |     1 ||     1
       Held in net/web   |       |       |     1 ||     1
  Eat: Chunk             |     1 |       |       ||     1
Armor: Skin              |       |       |     1 ||     1
Dodge: Dodged            |    40 |     6 |    39 ||    85
